 Dungeon Crawl Stone Soup version 0.31-a0-819-gf6de2f5ab6 (webtiles) character file.

Game seed: 567568021350901605

185 Shayle the Sneak (level 5, 0/41 HPs)
             Began as a Demonspawn Hedge Wizard on Sept 24, 2023.
             Slain by an orc
             ... wielding a +0 trident
              (2 damage)
             ... on level 4 of the Dungeon.
             The game lasted 00:07:32 (2614 turns).

Shayle the Sneak (Demonspawn Hedge Wizard)          Turns: 2614, Time: 00:07:32

Health: 0/41       AC:  3    Str: 11    XL:     5   Next: 37%
Magic:  2/9        EV: 12    Int: 17    God:
Gold:   157        SH:  0    Dex: 12    Spells: 0/10 levels left

rFire   . . .        f - +1 rapier (flame)
rCold   . . .        (no shield)
rNeg    . . .        b - +0 robe
rPois   .            c - +0 hat
rElec   .            (no cloak)
rCorr   .            (no gloves)
SInv    .            k - +0 pair of boots
Will    .....        (no amulet)
Stlth   ++           (no ring)
HPRegen 0.26/turn    (no ring)
MPRegen 0.11/turn

%: no passive effects
@: weak-willed, very slightly contaminated
A: claws 1, powered by pain 3
a: no special abilities


You were on level 4 of the Dungeon.
You visited 1 branch of the dungeon, and saw 4 of its levels.

You collected 157 gold pieces.

Inventory:

Hand Weapons
 a - a +0 dagger
 f - a +1 rapier of flaming (weapon)
Armour
 b - a +0 robe (worn)
 c - a +0 hat (worn)
 k - a +0 pair of boots (worn)
 o - the +1 robe of Eternity {rPois rCorr Int-2 Dex+3}
   (You found it on level 2 of the Dungeon)

   Int-2:     It affects your intelligence (-2).
   Dex+3:     It affects your dexterity (+3).
   rPois:     It protects you from poison rCorr: It protects you from acid and
   corrosion.
Scrolls
 j - a scroll of amnesia
 s - 2 scrolls of enchant weapon
Potions
 d - a potion of magic
 e - a potion of enlightenment {unknown}
 g - 2 potions of haste
 h - a potion of lignification {unknown}
 n - a potion of ambrosia
 r - a potion of might {unknown}
 t - a potion of degeneration {unknown}


   Skills:
 + Level 3.5 Fighting
 - Level 1.7 Dodging
 + Level 4.1 Stealth
 + Level 3.0 Spellcasting
 + Level 1.0 Conjurations
 - Level 1.0 Summonings
 - Level 0.8 Translocations
 + Level 0.0 Fire Magic


You couldn't memorise any spells.
You knew the following spells:

 Your Spells              Type           Power      Damage    Failure   Level
a - Magic Dart            Conj           24%        1d4       12%         1
b - Call Imp              Summ           10%        N/A       17%         2
c - Blink                 Tloc           10%        N/A       19%         2
d - Scorch                Fire           4%         2d5       26%         2
e - Mephitic Cloud        Conj/Pois/Air  3%         N/A       41%         3

Your spell library contained the following spells:

 Spells                   Type           Power      Damage    Failure   Level
 Slow                     Hex            8%         N/A       17%         1
 Cigotuvi's Dreadful Rot  Necr/Pois/Air  4%         N/A       26%         2
 Inner Flame              Hex/Fire       2%         N/A       45%         3
 Anguish                  Hex/Necr       1%         N/A       86%         4
 Cause Fear               Hex            1%         N/A       86%         4
 Enfeeble                 Hex            1%         N/A       100%        7


Dungeon Overview and Level Annotations

Branches:
Dungeon (4/15)
 Temple: D:4-7

Altars:
Hepliaklqana
Trog
Xom
Yredelemnul

Shops:
D:2 :(


Innate Abilities, Weirdness & Mutations

You have sharp fingernails.
You are powered by pain.


Message History

Casting: Scorch (dangerous; 26% risk of failure)
Confirm with . or Enter, or press ? or * to list all spells.
You miscast Scorch.
You are very lightly contaminated with residual magic.
Nothing appears to happen.
The orc hits you from afar with a +0 trident.
The orc priest closely misses you. The orc priest misses you.
Your cerulean imp hits the orc priest with a -4 spear.
Casting: Scorch (dangerous; 26% risk of failure)
Confirm with . or Enter, or press ? or * to list all spells.
You miscast Scorch.
Nothing appears to happen.
The orc misses you.
The orc priest hits you with a +0 flail.
The orc priest hits you with a +0 club.
Your cerulean imp hits the orc priest with a -4 spear.
Unknown command.
Casting: Scorch (dangerous; 26% risk of failure)
Confirm with . or Enter, or press ? or * to list all spells.
You don't have enough magic to cast this spell.
Unknown command.
You strike the helpless orc priest from behind!
You hit the orc priest. You burn the orc priest.
The orc priest is severely wounded.
The orc barely misses you.
The orc priest begins to cast a cantrip, but forgets the words!
The orc priest mumbles some strange prayers to Beogh against you.
Beogh smites you!
Your cerulean imp hits the orc priest with a -4 spear.
Okay, then.
You puncture the orc priest! You burn the orc priest.
You kill the orc priest!
The orc hits you but does no damage.
The orc priest hits you with a +0 flail.
* * * LOW HITPOINT WARNING * * *
The orc hits you with a +0 hand axe!
* * * LOW HITPOINT WARNING * * *
Your cerulean imp hits the orc priest but does no damage.
The orc hits you with a +0 hand axe.
* * * LOW HITPOINT WARNING * * *
The orc hits you from afar with a +0 trident.
You die...

...## #######........#
##..####..............##
.##...##..............##
^.###.##..............##
##.#.............#######**
§♣.#....................,*
≈..⌠.............#######,******
^.♣#.............#....$#,,,,,>*
.#.#...........5@#.....#,,***,*
..##...........)oo.$_..#,** *,*
########.......o.#...$.#,****,***
## ########..#.$...#,*,,,,,,, #
######..#######,,,*,*,*, #
*****#######........,,,,,,,,,
*,,,,....####..#.#..,,,*,*,*, **
*,*,*.#..###.....#.#**,,,,,,, ,*
*,,,,,,,,,,*,*,*,,,* *,*,*,*,


You could see an orc priest (weak-willed, ally target), 2 orcs and a friendly
cerulean imp (summoned).

Vanquished Creatures
  A hound (D:3)
  2 orc priests (D:4)
  A howler monkey zombie (D:3)
  2 adders
  2 adder zombies (D:3)
  A worm (D:2)
  3 dart slugs
  3 orcs
  5 endoplasms
  3 giant cockroaches
  3 goblins
  8 hobgoblins
  2 jackals (D:1)
  4 quokkas
  7 ball pythons
  4 bats
  A frilled lizard (D:3)
  4 kobolds
  2 rats
58 creatures vanquished.

Vanquished Creatures (collateral kills)
  2 adders (D:2)
  A kobold (D:3)
3 creatures vanquished.

Grand Total: 61 creatures vanquished

Notes
Turn   | Place    | Note
-------+----------+-------------------------------------------
     0 | D:1      | Shayle the Demonspawn Hedge Wizard began the quest for the
                  | Orb.
     0 | D:1      | Reached XP level 1. HP: 13/13 MP: 4/4
   147 | D:1      | Reached skill level 2 in Stealth
   329 | D:1      | Reached skill level 1 in Fighting
   397 | D:1      | Gained mutation: You sometimes gain a little power by
                  | taking damage. [demonic ancestry]
   397 | D:1      | Reached XP level 2. HP: 16/21 MP: 6/6
   526 | D:1      | Learned a level 2 spell: Call Imp
   529 | D:1      | Learned a level 2 spell: Blink
   951 | D:2      | Gained mutation: You sometimes gain power by taking damage.
                  | [demonic ancestry]
   951 | D:2      | Reached XP level 3. HP: 26/27 MP: 7/7
  1137 | D:2      | Found Ashro's Vocational Training.
  1154 | D:2      | Reached skill level 3 in Stealth
  1161 | D:2      | Identified the +1 robe of Eternity {rPois rCorr Int-2
                  | Dex+3}
  1393 | D:2      | Found a bloodstained altar of Trog.
  1554 | D:2      | Gained mutation: You have sharp fingernails. [demonic
                  | ancestry]
  1554 | D:2      | Reached XP level 4. HP: 10/34 MP: 1/8
  1664 | D:2      | Found Guozokh's Antique Weapon Emporium.
  2203 | D:3      | You fall into a shaft and drop 1 floor!
  2235 | D:3      | Found a basalt altar of Yredelemnul.
  2274 | D:3      | Gained mutation: You are powered by pain. [demonic
                  | ancestry]
  2274 | D:3      | Reached XP level 5. HP: 40/41 MP: 9/9
  2408 | D:3      | Got a well-preserved book
  2440 | D:4      | Reached skill level 4 in Stealth
  2525 | D:4      | Learned a level 2 spell: Scorch
  2529 | D:4      | Learned a level 3 spell: Mephitic Cloud
  2569 | D:4      | Found a shimmering altar of Xom.
  2596 | D:4      | Found a hazy altar of Hepliaklqana.
  2614 | D:4      | HP: 2/41 [orc/+0 hand axe (2)]
  2614 | D:4      | Slain by an orc

Illustrated notes

Levels and vault maps discovered:
D:1:      giann_forest_graveyard, layout_basic
D:2:      layout_loops_cross, basic_altar, serial_shops, shop,
          nicolae_shop_vocational
D:3:      layout_basic, nicolae_yredelemnul_corpse_copse
D:4:      layout_basic, amcnicky_altar_gilded, xom_redecorated, serial_glass,
          glass_columns_b, glass_columns_b, glass_columns_c, glass_columns_c

Skill      XL: |  1  2  3  4  5 |
---------------+----------------+-----
Stealth        | 2 3 4 |  4.1
Fighting       | 1 2 3 |  3.5
Dodging        | |  1.7
Spellcasting   | |  3.0
Conjurations   | |  1.0
Summonings     | |  1.0
Translocations | |  0.8

Action                     |  1- 3 |  4- 6 || total
---------------------------+-------+-------++-------
  Melee: Rapier            |   161 |    91 ||   252
         Dagger            |    12 |       ||    12
         Punch             |     1 |     1 ||     2
   Cast: Magic Dart        |     7 |     5 ||    12
         Call Imp          |     4 |     4 ||     8
         Blink             |     1 |       ||     1
         Scorch            |       |     1 ||     1
    Use: Scroll            |       |     8 ||     8
         Potion            |       |     1 ||     1
   Stab: Sleeping          |     4 |     3 ||     7
         Distracted        |       |     2 ||     2
 Armour: Robe              |    95 |    62 ||   157
  Dodge: Dodged            |   118 |    68 ||   186

Table legend: (Time is in decaauts)
 A = Elapsed time spent in this place.
 B = Non-inter-level travel time spent in this place.
 C = Inter-level travel time spent in this place.
 D = Time resting spent in this place.
 E = Time spent auto-exploring this place.
 F = Levels seen in this place.
 G = Mean time per level.
                   A        B        C        D        E       F      G
               +--------+--------+--------+--------+--------+-----+--------+
         Total |   2664 |   2620 |     44 |    367 |   1362 |   4 |  666.0 |
       Dungeon |   2664 |   2620 |     44 |    367 |   1362 |   4 |  666.0 |
               +--------+--------+--------+--------+--------+-----+--------+

Top non-repeatable levels by time:
     D:2: 1044 daAuts
     D:1: 868 daAuts
     D:3: 537 daAuts
     D:4: 214 daAuts
